 Dungeon Crawl Stone Soup version 0.31-a0-1110-gab2881137f (webtiles) character file.

Game seed: 15303570504174311941

15733980 Wyvric the Cryomancer (level 27, 269/269 HPs)
             Began as a Ghoul Ice Elementalist on Dec 3, 2023.
             Was a Follower of Uskayaw.
             Escaped with the Orb
             ... and 15 runes!
             The game lasted 07:28:18 (99716 turns).

Wyvric the Cryomancer (Ghoul Ice Elementalist)     Turns: 99716, Time: 07:28:18

Health: 269/269    AC: 30    Str: 37    XL:     27
Magic:  28/46      EV: 13    Int: 28    God:    Uskayaw [*.....]
Gold:   12095      SH: 30    Dex:  8    Spells: 7/66 levels left

rFire   + + .        b - +12 broad axe of the Wolf {flame, rPois Will+ Stlth+}
rCold   + + +        G - +8 tower shield {reflect}
rNeg    + + +        L - +7 chain mail "Kuhalein" {*Corrode rC+ Will+ Int+8}
rPois   ∞            u - +1 hat "Muconou" {rF+ rN+}
rElec   +            y - scarf {rC+ rF+}
rCorr   +            J - +2 pair of gloves
SInv    +            a - +1 pair of boots "Yzeen" {rElec Str+6 Dex-4}
Will    ++++.        N - amulet of Vitality {RegenMP++ Regen++} Stlth
                     j - ring of the Cursing Priest {Contam Str+5 Dex+3 SInv}
HPRegen 2.24/turn    W - ring of Jaxuod {rCorr Str+6}
MPRegen 1.10/turn

%: corrode self (3%), reflection
@: weakened, hasted, studying 4 skills, very quick
A: claws 1, cold resistance 1, negative energy resistance 3, inhibited
regeneration, torment resistance 2, devour on kill
0: Orb of Zot
}: 15/15 runes: decaying, serpentine, slimy, silver, golden, iron, obsidian,
icy, bone, abyssal, demonic, glowing, magical, fiery, dark
a: Renounce Religion, Stomp


You escaped.
You worshipped Uskayaw.
Uskayaw was extremely pleased with you.
You visited 18 branches of the dungeon, and saw 88 of its levels.
You visited Pandemonium 3 times, and saw 10 of its levels.
You visited the Abyss 2 times.
You also visited: Trove, Sewer, Ossuary, Bailey, Gauntlet and Ice Cave.

You collected 17131 gold pieces.
You spent 5036 gold pieces at shops.

Inventory:

Hand Weapons
 b - the +12 broad axe of the Wolf (weapon) {flame, rPois Will+ Stlth+}
   (Okawaru gifted it to you on level 3 of the Vaults)

   rPois:     It protects you from poison Will+: It increases your willpower.
   Stlth+:    It makes you more stealthy.
Missiles
 f - 24 atropa-tipped darts
 p - 8 throwing nets
 v - 22 datura-tipped darts
 M - 6 curare-tipped darts
 S - 14 silver javelins (quivered)
Armour
 a - the +1 pair of boots "Yzeen" (worn) {rElec Str+6 Dex-4}
   (You acquired it on level 5 of the Vaults)

   Str+6:     It affects your strength (+6).
   Dex-4:     It affects your dexterity (-4).
   rElec:     It insulates you from electricity.
 u - the +1 hat "Muconou" (worn) {rF+ rN+}
   (Okawaru gifted it to you on level 3 of the Vaults)

   rF+:       It protects you from fire.
   rN+:       It protects you from negative energy.
 y - a scarf of resistance (worn)
 G - a +8 tower shield of reflection (worn)
 J - a +2 pair of gloves (worn)
 L - the +7 chain mail "Kuhalein" (worn) {*Corrode rC+ Will+ Int+8}
   (You bought it in a shop on level 2 of the Orcish Mines)

   Int+8:     It affects your intelligence (+8).
   rC+:       It protects you from cold.
   Will+:     It increases your willpower.
   *Corrode:  It may corrode you when you take damage.
Jewellery
 i - the ring "Wiujetz" {Will++ Str+6 Int+2}
   (You bought it in a shop on level 1 of the Depths)

   [ring of strength]

   Str+6:     It affects your strength (+6).
   Int+2:     It affects your intelligence (+2).
   Will++:    It greatly increases your willpower.
 j - the ring of the Cursing Priest (left hand) {Contam Str+5 Dex+3 SInv}
   (You took it off a deep elf blademaster on level 3 of the Elven Halls)

   [ring of see invisible]

   Str+5:     It affects your strength (+5).
   Dex+3:     It affects your dexterity (+3).
   SInv:      It lets you see invisible.
   Contam:    It causes magical contamination when unequipped.
 r - the ring "Anom" {Will+ Str+4 SInv}
   (You found it on level 3 of the Realm of Zot)

   [ring of see invisible]

   Str+4:     It affects your strength (+4).
   Will+:     It increases your willpower.
   SInv:      It lets you see invisible.
 N - the amulet of Vitality (around neck) {RegenMP++ Regen++}
   (You found it in a Gauntlet)

   [amulet of magic regeneration]

   RegenMP:   It increases your rate of magic regeneration.
   Regen++:   It increases your rate of health regeneration.
 W - the ring of Jaxuod (right hand) {rCorr Str+6}
   (You found it in a Gauntlet)

   [ring of strength]

   Str+6:     It affects your strength (+6).
   rCorr:     It protects you from acid and corrosion.
Wands
 D - a wand of digging (53)
 I - a wand of roots (91)
 O - a wand of mindburst (53)
 T - a wand of quicksilver (30)
 U - a wand of flame (170)
 V - a wand of paralysis (107)
 X - a wand of polymorph (44)
Scrolls
 g - 16 scrolls of fear
 m - 6 scrolls of summoning
 q - 7 scrolls of silence
 t - 29 scrolls of teleportation
 w - 5 scrolls of poison
 z - 12 scrolls of fog
 B - 9 scrolls of blinking
 P - 4 scrolls of revelation
 R - 6 scrolls of immolation
 Y - 11 scrolls of vulnerability
Potions
 d - 4 potions of might
 h - 4 potions of haste
 k - 14 potions of curing
 l - 8 potions of heal wounds
 n - 7 potions of resistance
 o - 10 potions of brilliance
 s - 4 potions of attraction
 x - 8 potions of cancellation
 E - 6 potions of magic
 F - 3 potions of invisibility
 H - 6 potions of ambrosia
 K - 13 potions of enlightenment
Miscellaneous
 c - a phial of floods
 e - a phantom mirror
 A - a lightning rod (4/4)
 C - a sack of spiders
 Q - a tin of tremorstones (2/2)
 Z - a figurine of a ziggurat


   Skills:
 - Level 26.0 Fighting
 - Level 17.9(18.0) Axes
 - Level 0.2(11.7) Maces & Flails
 - Level 16.0 Throwing
 - Level 20.0 Armour
 * Level 13.8 Dodging
 - Level 3.0 Stealth
 - Level 25.0 Shields
 - Level 20.0 Spellcasting
 - Level 8.0 Necromancy
 - Level 15.0 Translocations
 - Level 26.0 Ice Magic
 - Level 6.0 Air Magic
 - Level 12.0 Earth Magic
 - Level 25.0 Invocations
 - Level 18.0 Evocations


You had 7 spell levels left.
You knew the following spells:

 Your Spells              Type           Power      Damage    Failure   Level
a - Vhi's Electric Charg  Tloc/Air       100%       N/A       1%          4
b - Lesser Beckoning      Tloc           100%       N/A       0%          2
c - Manifold Assault      Tloc           84%        N/A       1%          4
d - Frozen Ramparts       Ice            100%       1d16      0%          3
e - Borgnjor's Vile Clut  Necr/Erth      35%        N/A       1%          5
f - Freezing Cloud        Conj/Ice/Air   36%        6-21      1%          5
h - Polar Vortex          Ice            54%        12d7*     8%          9
i - Dimensional Bullseye  Hex/Tloc       31%        N/A       1%          4
k - Blink                 Tloc           100%       N/A       0%          2
l - Lee's Rapid Deconstr  Erth           38%        3d19*     1%          5
n - Dispel Undead         Necr           64%        3d22      1%          4
p - Passwall              Tmut/Erth      47%        N/A       1%          2
y - Swiftness             Air            57%        N/A       1%          3
z - Apportation           Tloc           100%       N/A       0%          1
N - Dispersal             Tloc           42%        N/A       1%          6

Your spell library contained the following spells:

 Spells                   Type           Power      Damage    Failure   Level
 Freeze                   Ice            100%       1d10      0%          1
 Ozocubu's Armour         Ice            100%       N/A       0%          3
 Kiss of Death            Conj/Necr      100%       2d13      1%          1
 Necrotise                Necr           100%       1d9       1%          1
 Sandblast                Erth           100%       2d20      1%          1
 Shock                    Conj/Air       100%       1d9       1%          1
 Cigotuvi's Dreadful Rot  Necr/Pois/Air  100%       N/A       1%          2
 Ensorcelled Hibernation  Hex/Ice        100%       N/A       1%          2
 Momentum Strike          Conj/Tloc      100%       3d10      1%          2
 Poisonous Vapours        Pois/Air       88%        N/A       1%          2
 Static Discharge         Conj/Air       88%        3-7/arc   1%          2
 Gell's Gravitas          Tloc           84%        N/A       1%          3
 Hailstorm                Conj/Ice       79%        3d16      1%          3
 Stone Arrow              Conj/Erth      100%       3d13      1%          3
 Teleport Other           Tloc           84%        N/A       1%          3
 Vampiric Draining        Necr           64%        2d10      1%          3
 Animate Dead             Necr           64%        N/A       1%          4
 Iskenderun's Mystic Bla  Conj/Tloc      63%        2d13      1%          4
 Summon Ice Beast         Ice/Summ       79%        N/A       1%          4
 Metabolic Englaciation   Hex/Ice        39%        N/A       1%          5
 Simulacrum               Ice/Necr       44%        N/A       1%          6
 Ozocubu's Refrigeration  Ice            54%        4d19      1%          7
 Airstrike                Air            28%        2d(5-21)  2%          4
 Animate Armour           Summ/Erth      100%       N/A       2%          4
 Brom's Barrelling Bould  Conj/Erth      57%        2d7       2%          4
 Leda's Liquefaction      Hex/Erth       28%        N/A       2%          4
 Petrify                  Tmut/Erth      57%        N/A       2%          4
 Foxfire                  Conj/Fire      100%       2x1d9     3%          1
 Magic Dart               Conj           100%       1d8       3%          1
 Slow                     Hex            100%       N/A       3%          1
 Sting                    Tmut/Pois      100%       1d8       3%          1
 Summon Small Mammal      Summ           100%       N/A       3%          1
 Agony                    Necr           64%        N/A       3%          5
 Jinxbite                 Hex            56%        N/A       4%          2
 Scorch                   Fire           56%        2d7       4%          2
 Searing Ray              Conj           56%        2d6       4%          2
 Mephitic Cloud           Conj/Pois/Air  39%        N/A       4%          3
 Summon Forest            Summ/Tloc      31%        N/A       4%          5
 Anguish                  Hex/Necr       25%        N/A       6%          4
 Summon Lightning Spire   Summ/Air       44%        N/A       9%          4
 Call Canine Familiar     Summ           28%        N/A       10%         3
 Confusing Touch          Hex            28%        N/A       10%         3
 Dazzling Flash           Conj/Hex       56%        N/A       10%         3
 Ignite Poison            Fire/Tmut/Pois 28%        N/A       10%         3
 Inner Flame              Hex/Fire       28%        N/A       10%         3
 Sigil of Binding         Hex            28%        N/A       10%         3
 Summon Guardian Golem    Hex/Summ       28%        N/A       10%         3
 Tukima's Dance           Hex            28%        N/A       10%         3
 Death Channel            Necr           32%        N/A       19%         6
 Arcjolt                  Conj/Air       22%        1d32      26%         5
 Silence                  Hex/Air        22%        N/A       26%         5
 Cause Fear               Hex            14%        N/A       30%         4
 Flame Wave               Conj/Fire      28%        2d9       30%         4
 Fulminant Prism          Conj/Hex       14%        3d8       30%         4
 Olgreb's Toxic Radiance  Pois           28%        N/A       30%         4
 Sticky Flame             Conj/Fire      28%        2d5       30%         4
 Bombard                  Conj/Erth      28%        9d5       38%         6
 Alistair's Intoxication  Tmut/Pois      18%        N/A       65%         5
 Fireball                 Conj/Fire      14%        3d8       65%         5
 Irradiate                Conj/Tmut      14%        3d16      65%         5
 Iskenderun's Battlesphe  Conj           28%        2d8       65%         5
 Summon Mana Viper        Hex/Summ       28%        N/A       65%         5
 Yara's Violent Unravell  Hex/Tmut       14%        3d7       65%         5
 Malign Gateway           Summ/Tloc      31%        N/A       77%         7
 Conjure Ball Lightning   Conj/Air       22%        3x3d6     80%         6
 Plasma Beam              Fire/Air       22%        2x1d34    80%         6
 Eringya's Noxious Bog    Tmut/Pois      14%        4d6       99%         6
 Starburst                Conj/Fire      14%        6d6       99%         6
 Summon Cactus Giant      Summ           14%        N/A       99%         6
 Enfeeble                 Hex            14%        N/A       100%        7
 Spellforged Servitor     Conj/Summ      14%        N/A       100%        7
 Summon Hydra             Summ           14%        N/A       100%        7
 Disjunction              Tloc           42%        N/A       41%         8
 Discord                  Hex            14%        N/A       100%        8
 Ignition                 Fire           14%        3d6       100%        8
 Infestation              Necr           32%        N/A       100%        8
 Lehudib's Crystal Spear  Conj/Erth      28%        10d8      100%        8
 Maxwell's Capacitive Co  Air            28%        ∞         100%        8
 Summon Horrible Things   Summ           14%        N/A       100%        8
 Dragon's Call            Summ           14%        N/A       100%        9
 Fire Storm               Conj/Fire      14%        8d4       100%        9
 Wereblood                Tmut           Unusable   N/A       N/A         2

Dungeon Overview and Level Annotations

Branches:
Dungeon (15/15)            Temple (1/1) D:7            Lair (5/5) D:8
  Swamp (4/4) Lair:3        Snake (4/4) Lair:3        Slime (5/5) Lair:5
    Orc (2/2) D:11            Elf (3/3) Orc:2        Vaults (5/5) D:13
  Crypt (3/3) Vaults:3       Tomb (3/3) Crypt:3      Depths (4/4) D:15
   Hell (visited)             Dis (7/7) Hell            Geh (7/7) Hell
    Coc (7/7) Hell            Tar (7/7) Hell            Zot (5/5) Depths:4
  Sewer (visited)         Ossuary (visited)          Bailey (visited)
  IceCv (visited)         Gauntlet (visited)

Altars:
Ashenzari
Cheibriados
Dithmenos
Fedhas
Gozag
Hepliaklqana
Kikubaaqudgha
Makhleb
Nemelex Xobeh
Okawaru
Qazlal
Ru
Sif Muna
Trog
Uskayaw
Vehumet
Wu Jian
Xom
Yredelemnul
Jiyva
Lugonu

Shops:
D:3 !   D:9 (   D:15 [   Orc:2 ?=*(!=!?[   Vaults:3 :   Vaults:5 *   Zot:3 *
Depths:1 ==:

Portals:
Hell: Depths:1 Depths:2 Depths:3 Depths:4
Abyss: Depths:3 Depths:4
Pandemonium: Depths:1 Depths:2
Ziggurat: Depths:2

Annotations:
D:6 1 runed translucent door, Crazy Yiuf
Zot:2 3 runed translucent doors, Tinttamiau's ghost, legendary FoHu; topfpfpflanze's ghost, master OpCj
Zot:3 3 runed translucent doors, exclusion: obsidian statue, Anuegiwi's ghost, veteran AtFi


Innate Abilities, Weirdness & Mutations

You are immune to poison.
You have sharp fingernails.
Your flesh is cold resistant. (rC+)
You are immune to negative energy. (rN+++)
You do not regenerate when monsters are visible.
You are immune to unholy pain and torment.
You thrive by killing the living.


Message History

You closely miss Dofestriot.
The chaos spawn gurgles horribly!
You block Dofestriot's attack.
You hit Dofestriot but do no damage. You barely miss Dofestriot.
You feel a bit more experienced. You block Dofestriot's attack.
Uskayaw will force your foes to share their pain.
Uskayaw links your audience in an emotional bond!
You hit Dofestriot but do no damage. Dofestriot misses you.
You hit Dofestriot but do no damage. Dofestriot tail-slaps you.
You feel your attacks grow feeble.
You hit Dofestriot but do no damage.
You feel a bit more experienced.
You slash Dofestriot! You burn Dofestriot. You block Dofestriot's attack.
You slice Dofestriot!! You burn Dofestriot.
The winds around you start to calm down.
You float gracefully downwards.
Dofestriot barely misses you.
You can now merge with and destroy a victim.
You slice Dofestriot!! You burn Dofestriot.
You hit Dofestriot but do no damage.
Dofestriot tail-slaps you but does no damage.
You barely miss Dofestriot. You block Dofestriot's attack.
You hit Dofestriot but do no damage.
Dofestriot tail-slaps you but does no damage.
You hit Dofestriot but do no damage. You hit Dofestriot.
You block Dofestriot's attack.
You hit Dofestriot but do no damage. You block Dofestriot's attack.
You slice Dofestriot!! You burn Dofestriot. The winds around you calm down.
Aiming: Grand Finale
Press: ? - help, Shift-Dir - straight line, f - Dofestriot
Aim: Dofestriot (almost dead, sharing its pain) Dofestriot explodes violently!!!
You blow up Dofestriot!
You can no longer merge with and destroy a victim.
Aiming: Dig
Press: ? - help, Shift-Dir - straight line This square is covered in magical glow.
The rock shatters into small pieces.
There is a staircase leading out of the dungeon here.
You have escaped!

######################### .# .#
.#################
...>.............###############
.#...#..#..#..#..#.............#
.#...............#.##########.##
.#...............#.# #.#
.#.>............@#.# #.#
.#...............#.# #.#
.#...............#.#### #.#
.#...#..#..#..#..#....# #.#
.#.>.............####.# #.#
.#.#######.##########.# #.#
......................# #.#
##.####..######.#.##### #.#
...####.........#.#...# #.#


There were no monsters in sight!

Vanquished Creatures
  Cerebov (Pan)
  Antaeus (Coc:7)
  Asmodeus (Geh:7)
  the Royal Jelly (Slime:5)
  Ereshkigal (Tar:7)
  Ignacio (Pan)
  Gloorx Vloq (Pan)
  the Serpent of Hell (Dis:7)
  Mnoleg (Pan)
  Lom Lobon (Pan)
  9 dread liches
  12 ancient liches
  Khufu (Tomb:3)
  5 orbs of fire
  Sojobo (Depths:4)
  4 juggernauts
  33 royal mummies
  7 pandemonium lords
  Josephina (Depths:4)
  7 Killer Klowns (Zot:5)
  32 shard shrikes
  The ghost of Lapib the Spry, a veteran MfIE of the Shining One (Depths:2)
  Xtahua (Vaults:4)
  Geryon (Hell)
  5 curse toes
  22 caustic shrikes
  11 golden dragons
  8 profane servitors
  Norris (Depths:3)
  Jory (Crypt:3)
  26 bone dragons
  7 iron giants
  15 Brimstone Fiends
  3 electric golems
  23 doom hounds
  Zenata (Vaults:1)
  15 Tzitzimimeh
  2 spectral shard shrikes
  A walking crystal tome (Depths:3)
  25 Hell Sentinels
  16 tainted leviathans
  11 hellephants
  A walking frostbound tome (Arena)
  21 Ice Fiends
  25 Orb Guardians (Zot:5)
  13 deep elf blademasters
  23 tentacled monstrosities
  9 liches
  35 titans
  24 searing wretches
  17 acid blobs
  7 quicksilver dragons
  8 sphinxes
  A walking divine tome (Arena)
  10 tentacled starspawn
  12 Executioners
  5 deep elf master archers
  8 death cobs
  An eldritch tentacle (Tomb:2)
  Kirke (D:12)
  51 ancient champions
  18 shadow dragons
  24 storm dragons
  6 tengu reavers
  Gastronok (D:8)
  A thorn hunter (Swamp:2)
  3 revenants
  6 rockslimes
  2 nagarajas (Snake:4)
  2 draconian monks
  3 demonspawn warmongers
  18 azure jellies
  10 deep elf sorcerers
  18 narguns
  25 frost giants
  7 draconian knights
  5 draconian scorchers
  35 fire giants
  Louise (D:14)
  13 quicksilver elementals
  8 ghost moths
  10 vault wardens
  2 iron dragons
  A spectral caustic shrike (Tar:3)
  48 balrugs
  2 spectral juggernauts (Depths:2)
  6 draconian stormcallers
  7 shard shrike simulacra
  An angel (Depths:2)
  5 deep elf elementalists (Elf:3)
  An orc warlord (Bailey)
  12 ghouls
  10 draconian shifters
  16 ironbound preservers
  6 curse skulls
  11 draconian annihilators
  5 demonspawn blood saints (Pan)
  12 cacodemons
  19 reapers
  2 spriggan defenders (Depths:3)
  10 demonspawn corrupters
  29 war gargoyles
  42 very ugly things
  A juggernaut skeleton (Crypt:3)
  13 quicksilver oozes
  5 formless jellyfish
  7 ironbound thunderhulks
  19 stone giants
  A starflower (Abyss:4)
  2 caustic shrike skeletons
  11 vampire knights
  8 eleionomae
  7 deep elf demonologists
  8 deep elf annihilators
  10 bennus
  17 green draconians
  Nessos (D:12)
  10 white draconians
  22 wendigos
  A spectral titan (Depths:2)
  13 lorocyprocas (Pan)
  3 dire elephants (Vaults:2)
  15 putrid mouths
  30 elemental wellsprings
  12 black draconians
  5 bunyips
  8 red draconians
  A spark wasp (Depths:3)
  A minotaur (Gauntlet)
  7 demonspawn black suns (Pan)
  14 purple draconians
  12 yellow draconians
  15 iron golems
  12 blizzard demons (Pan)
  Snorg (D:11)
  9 green deaths
  11 jiangshi
  A crystal guardian (Hell)
  An entropy weaver (Vaults:1)
  12 fire dragons
  16 eidola
  12 yaktaur captains
  25 mummy priests
  A spectral iron giant (Tar:2)
  8 deep elf death magi
  2 shambling mangroves
  3 deep elf high priests
  7 ettins
  4 spectral spriggans
  8 great orbs of eyes
  32 vault guards
  A fenstrider witch zombie (Crypt:3)
  7 ice dragons
  10 rakshasas
  12 hydras
  7 hell beasts
  8 anacondas
  3 spriggan skeletons
  Harold (D:9)
  9 spriggan air magi
  A catoblepas (Lair:4)
  A ghost crab (Swamp:1)
  19 salamander tyrants
  8 ogre magi
  16 alligators
  A merfolk avatar (Lair:5)
  9 ironbound frosthearts
  9 juggernaut simulacra
  7 boulder beetles
  10 deep troll shamans
  14 two-headed ogres
  A fenstrider witch skeleton (Pan)
  8 stokers
  7 caustic shrike simulacra
  11 centaur warriors
  2 spectral stone giants (Depths:2)
  3 death knights
  9 tengu warriors
  38 dancing weapons
  39 hell hogs
  8 deep troll earth magi
  58 death scarabs
  9 spriggan berserkers
  8 vampire magi
  5 titan zombies
  15 naga warriors
  3 orc high priests
  8 death yaks (Lair:5)
  10 naga sharpshooters
  7 occultists
  4 shock serpents
  11 demonic crawlers
  6 thrashing horrors
  13 crystal echidnas
  24 deep elf knights
  12 hell knights
  75 sun demons
  2 spatial maelstroms (Abyss:4)
  58 skeletal warriors
  12 iron trolls
  32 soul eaters
  6 skysharks
  7 salamander mystics
  13 sixfirhies
  4 wretched stars
  2 sea snakes (Lair:5)
  30 shadow wraiths
  5 goliath frogs
  5 spriggan druids
  A spectral bunyip (Tar:1)
  A cherub (D:5)
  14 shadow demons (Pan)
  A spectral iron dragon (Tar:4)
  5 quicksilver dragon simulacra
  69 deep trolls
  7 naga ritualists
  A death drake (Abyss:4)
  A bunyip skeleton (Crypt:1)
  3 bunyip zombies (Swamp:4)
  A spectral anaconda (Tar:6)
  2 swamp dragons (Swamp:3)
  2 anaconda zombies
  21 deep elf archers
  5 flayed ghosts
  4 orange crystal statues (Hell)
  7 bog bodies
  6 glowing orange brains
  An iron giant skeleton (Crypt:2)
  An obsidian statue (Crypt:3)
  3 orc knights
  17 phantasmal warriors
  An anaconda skeleton (Pan)
  23 ironbound convokers
  36 deep elf pyromancers
  11 arcanists
  17 necromancers
  11 lindwurms
  6 harpies
  39 large abominations
  5 orc sorcerers
  15 salamanders
  7 mana vipers
  22 deep elf zephyrmancers
  8 shining eyes
  3 worldbinders
  A spectral centaur (Tar:2)
  59 ugly things
  Maurice (D:8)
  2 cyclopes (D:15)
  3 will-o-the-wisps
  An alligator skeleton (Hell)
  3 stone giant zombies
  A jorogumo skeleton (Crypt:2)
  An iron dragon zombie (Crypt:3)
  8 elephants
  An apocalypse crab (Abyss:2)
  2 centaur zombies (Tomb:1)
  21 moths of wrath
  10 manticores
  A naga zombie (Crypt:1)
  5 ice statues
  9 vault sentinels
  26 black mambas
  12 molten gargoyles (Geh:7)
  2 alligator snapping turtle zombies
  A dire elephant zombie (Crypt:3)
  A kobold blastminer (Orc:1)
  2 dire elephant skeletons
  16 naga magi
  2 gargoyles
  13 guardian serpents
  28 smoke demons
  An emperor scorpion simulacrum (Tomb:1)
  9 cane toads
  A stone giant skeleton (Tomb:2)
  2 eyes of devastation
  4 rust devils
  2 naga skeletons
  7 titan simulacra
  Maggie (D:9)
  Psyche (D:8)
  A minotaur zombie (Crypt:2)
  3 unseen horrors
  19 orange demons
  3 centaur skeletons
  A sea snake zombie (Hell)
  31 hellions
  9 rime drakes
  An alligator snapping turtle skeleton (Pan)
  A bunyip simulacrum (Coc:2)
  An unseen horror zombie (Crypt:2)
  5 kobold demonologists
  13 komodo dragons
  3 tengu conjurers
  31 tormentors
  12 freezing wraiths
  A grey draconian zombie (Crypt:1)
  30 yaktaurs
  11 anaconda simulacra
  3 efreet (Pan)
  48 guardian mummies
  4 iron giant simulacra
  2 harpy zombies
  9 ice devils
  5 hydra zombies
  2 golden dragon simulacra
  A meliai (shapeshifter) (Abyss:4)
  2 spectral harpies
  2 ancient zymes
  A sea snake skeleton (Hell)
  3 red devils
  4 trolls
  3 bloated husks
  18 wind drakes
  An alligator simulacrum (Swamp:4)
  2 silent spectres
  11 hellwings
  6 polar bears
  8 tyrant leeches
  15 hornets
  3 hydra skeletons
  A dream sheep (Lair:2)
  2 snapping turtles (Lair:5)
  3 tengu simulacra (Depths:4)
  3 harpy skeletons
  14 raiju
  29 blink frogs
  A tarantella zombie (Crypt:3)
  An ice dragon zombie (Tomb:1)
  A jumping spider (shapeshifter) (Vaults:5)
  3 glass eyes
  A guardian serpent zombie (Crypt:1)
  166 slime creatures
  2 ettin zombies (Crypt:3)
  A meliai zombie (Crypt:2)
  5 air elementals
  A fire dragon skeleton (Crypt:2)
  16 flying skulls
  3 centaur simulacra
  Eustachio (D:4)
  Sigmund (D:4)
  41 yaks
  11 spriggans
  A water elemental (D:13)
  4 shadows
  22 ynoxinuls
  A black mamba skeleton (Crypt:3)
  3 hogs (D:12)
  6 basilisks
  2 wyverns
  A vampire (Abyss:2)
  7 dire elephant simulacra
  3 fire elementals
  8 humans
  4 wraiths
  4 fire bats
  15 golden eyes
  2 alligator snapping turtle simulacra
  A yak (shapeshifter) (D:15)
  22 ushabtiu
  5 steam dragons
  4 swamp worm simulacra (Swamp:4)
  28 chaos spawn
  A redback (shapeshifter) (Elf:1)
  13 vampire mosquitoes
  16 starcursed masses
  29 neqoxecs
  7 spatial vortices (Abyss:4)
  8 wargs
  4 small abominations
  8 swamp worms
  45 nagas
  5 acid dragons
  12 harpy simulacra
  A merfolk skeleton (Crypt:1)
  A glowing shapeshifter skeleton (Crypt:1)
  18 hydra simulacra
  20 water moccasins
  2 hell hounds (Gauntlet)
  Pargi (D:3)
  3 swamp drakes
  2 ice beasts
  A two-headed ogre skeleton (Crypt:3)
  7 black bears
  29 orc warriors
  7 ettin simulacra
  A swamp dragon zombie (Swamp:4)
  A sky beast (D:7)
  9 ogres
  2 boggarts
  10 wolves
  12 centaurs
  A swamp dragon skeleton (Crypt:2)
  2 phantoms
  7 kobold brigands
  A bullfrog (shapeshifter) (Depths:3)
  8 bullfrogs
  4 necrophages
  2 cane toad simulacra (IceCv)
  A gnoll sergeant (D:5)
  3 two-headed ogre simulacra (IceCv)
  3 scorpions (D:4)
  3 earth elementals
  10 wights
  2 water moccasin skeletons (Crypt:3)
  A warg skeleton (Crypt:3)
  7 killer bees (D:8)
  An elephant simulacrum (IceCv)
  A raiju skeleton (Crypt:2)
  An electric eel (D:13)
  2 howler monkeys
  3 crimson imps (Gauntlet)
  4 jellies (Lair:5)
  An iron imp (Abyss:2)
  20 orc priests
  Jessica (D:2)
  2 iguanas
  A sleepcap (D:4)
  Ijyb (D:4)
  35 orc wizards
  8 spriggan simulacra
  A polar bear simulacrum (IceCv)
  3 troll simulacra (IceCv)
  A boggart simulacrum (D:15)
  58 mummies
  A gnoll (shapeshifter) (Vaults:5)
  16 gnolls
  6 naga simulacra
  5 adders
  A river rat (shapeshifter) (D:15)
  2 shadow imps
  6 white imps
  3 swamp drake simulacra (Swamp:4)
  10 ufetubi
  3 worms (D:3)
  5 dart slugs
  66 orcs
  13 bats
  15 endoplasms
  2 giant cockroaches
  17 goblins
  11 hobgoblins
  A hobgoblin (shapeshifter) (Vaults:5)
  8 jackals
  19 kobolds
  6 quokkas
  8 ball pythons
  A ball python zombie (Crypt:3)
  4 frilled lizards
  A giant cockroach zombie (Crypt:1)
  A gnoll skeleton (Ossuary)
  A goblin skeleton (Ossuary)
  A jackal zombie (Crypt:3)
  3 kobold skeletons (Ossuary)
  3 orc skeletons (Ossuary)
  8 rats
  A rat (shapeshifter) (Vaults:5)
  11 rat skeletons (Ossuary)
  2 rat zombies (D:7)
  6 creeping infernos
  13 fire vortices
  3 lurking horrors
  3 spectral weapons (Depths:3)
  8 starspawn tentacles (Abyss:4)
4404 creatures vanquished.

Vanquished Creatures (collateral kills)
  Dispater (Dis:7)
  A demonspawn warmonger (Pan)
  2 reapers (Pan)
  An iron golem (Dis:7)
5 creatures vanquished.

Vanquished Creatures (others)
  A shard shrike simulacrum (Coc:7)
  2 draconian annihilators
  A lorocyproca (Pan)
  A blizzard demon (Pan)
  A vault guard (D:13)
  A stoker (Geh:3)
  A sun demon (Pan)
  3 deep elf knights
  A goliath frog (Swamp:3)
  A deep elf zephyrmancer (Elf:1)
  A deep elf pyromancer (Crypt:2)
  A manticore (D:15)
  An anaconda simulacrum (Coc:3)
  3 bloated husks
  A hornet (Depths:2)
  2 ynoxinuls (Pan)
  A swamp dragon zombie (Swamp:4)
  A swamp drake simulacrum (Swamp:4)
  A creeping inferno (Hell)
  10 foxfires
  15 starspawn tentacles
50 creatures vanquished.

Grand Total: 4459 creatures vanquished

Notes
Turn   | Place    | Note
-------+----------+-------------------------------------------
     0 | D:1      | Wyvric the Ghoul Ice Elementalist began the quest for the
                  | Orb.
     0 | D:1      | Reached XP level 1. HP: 14/14 MP: 2/2
    21 | D:1      | You fall into a shaft and drop 1 floor!
   462 | D:1      | Reached XP level 2. HP: 20/20 MP: 2/4
   845 | D:1      | Reached XP level 3. HP: 26/26 MP: 4/6
   974 | D:1      | Learned a level 3 spell: Ozocubu's Armour
   978 | D:1      | Learned a level 3 spell: Frozen Ramparts
  1989 | D:2      | Noticed Jessica
  2045 | D:2      | Found a blossoming altar of Fedhas.
  2694 | D:3      | Found Kange's Distillery.
  2722 | D:3      | Reached skill level 1 in Fighting
  2722 | D:3      | Reached XP level 4. HP: 27/35 MP: 3/7
  2728 | D:3      | Bought a potion of haste for 120 gold pieces
  2867 | D:3      | Reached skill level 5 in Ice Magic
  3229 | D:3      | Noticed Pargi
  3249 | D:3      | Killed Pargi
  3250 | D:3      | Reached XP level 5. HP: 40/40 MP: 8/8
  3548 | D:4      | Learned a level 2 spell: Blink
  3604 | D:4      | Noticed an ogre
  3650 | D:4      | Reached XP level 6. HP: 44/47 MP: 6/9
  3662 | D:4      | Identified the +8 chain mail of the Moon {Str+3 Int-2
                  | Slay+5}
  3922 | D:4      | Noticed Ijyb
  4034 | D:4      | Killed Ijyb
  4047 | D:4      | Found an iron altar of Okawaru.
  4054 | D:4      | Became a worshipper of Warmaster Okawaru
  4291 | D:4      | Reached skill level 1 in Throwing
  4329 | D:4      | Reached XP level 7. HP: 46/57 MP: 6/10
  4404 | D:4      | Reached * piety under Okawaru
  4561 | D:4      | Noticed Sigmund
  4638 | D:3      | Bought a potion of resistance for 120 gold pieces
  4813 | D:5      | Entered Level 5 of the Dungeon
  4821 | D:5      | Found a glowing drain.
  4847 | Sewer    | Entered a sewer
  4947 | Sewer    | Reached skill level 1 in Invocations
  5040 | Sewer    | Reached XP level 8. HP: 63/63 MP: 5/11
  5050 | Sewer    | Reached skill level 5 in Throwing
  5116 | Sewer    | Reached ** piety under Okawaru
  5256 | D:5      | Identified the +3 buckler of the Thistle {Fly}
  5295 | D:5      | Reached skill level 1 in Shields
  5646 | D:6      | Noticed a shadow
  5925 | D:6      | Reached skill level 5 in Shields
  5925 | D:6      | Reached XP level 9. HP: 63/72 MP: 12/12
  6168 | D:6      | Reached skill level 5 in Fighting
  6277 | D:6      | Identified the +1 leather armour "Zatoosh" {-Tele rElec
                  | Will++}
  6533 | D:7      | Reached *** piety under Okawaru
  6557 | D:7      | Found a staircase to the Ecumenical Temple.
  6772 | D:7      | Found a sand-covered staircase.
  6793 | Ossuary  | Entered an ossuary
  7536 | Temple   | Entered the Ecumenical Temple
  7932 | D:8      | Found a flagged portal.
  7940 | D:8      | Identified the +8 hand axe "Spiderbane" {heavy, rF- rCorr
                  | Int+4}
  7951 | Bailey   | Entered a bailey
  8004 | Bailey   | Reached skill level 1 in Axes
  8095 | Bailey   | Reached XP level 10. HP: 86/86 MP: 10/13
  8217 | Bailey   | Noticed an orc warlord
  8265 | Bailey   | Killed an orc warlord
  8265 | Bailey   | Reached **** piety under Okawaru
  8266 | Bailey   | Reached skill level 5 in Axes
  8447 | Bailey   | Acquired the +2 kite shield "Erghaomi" {rF+ Dex+3}
  8539 | D:8      | Noticed Maurice
  8550 | D:8      | Killed Maurice
  8624 | D:8      | Noticed Psyche
  8635 | D:8      | Killed Psyche
  8668 | D:8      | Reached XP level 11. HP: 51/92 MP: 12/14
  8810 | D:8      | Found a staircase to the Lair.
  9571 | D:8      | Noticed Gastronok
  9694 | D:9      | Noticed Maggie
  9707 | D:9      | Killed Maggie
  9707 | D:9      | Reached ***** piety under Okawaru
  9717 | D:9      | Noticed Harold
  9728 | D:9      | Killed Harold
  9970 | D:9      | Found Fixkur's Antique Weapon Emporium.
 10080 | D:9      | Reached skill level 10 in Axes
 10226 | D:9      | Found a blossoming altar of Fedhas.
 10328 | D:10     | Entered Level 10 of the Dungeon
 10530 | D:10     | Found a portal to a secret trove of treasure.
 10531 | D:10     | Found a sparkling altar of Nemelex Xobeh.
 10627 | D:10     | Received a gift from Okawaru
 11326 | D:8      | Killed Gastronok
 11379 | Lair:1   | Entered Level 1 of the Lair of Beasts
 11446 | Lair:1   | Reached skill level 5 in Invocations
 11871 | Lair:1   | Received a gift from Okawaru
 11989 | Lair:1   | Reached XP level 12. HP: 91/100 MP: 15/15
 13200 | Lair:2   | Found the +3 pair of seven-league boots {Rampage+∞}
 13239 | Lair:2   | Noticed a boulder beetle
 13258 | Lair:2   | Killed a boulder beetle
 13608 | Lair:3   | Found a staircase to the Swamp.
 13693 | Lair:3   | Noticed a six-headed hydra
 13697 | Lair:3   | Killed a six-headed hydra
 13697 | Lair:3   | Received a gift from Okawaru
 13751 | Lair:3   | Found a staircase to the Snake Pit.
 13976 | Lair:3   | Reached XP level 13. HP: 93/105 MP: 16/16
 14346 | Lair:4   | Reached skill level 10 in Shields
 14461 | Lair:4   | Found a gate leading to a gauntlet.
 14477 | Gauntlet | Entered a Gauntlet
 14477 | Gauntlet | Found a transporter.
 14485 | Gauntlet | Found a transporter.
 14488 | Gauntlet | Found a transporter.
 14489 | Gauntlet | Found a transporter.
 14500 | Gauntlet | Found a transporter.
 14501 | Gauntlet | Found a transporter.
 14505 | Gauntlet | Found a transporter.
 14512 | Gauntlet | Found a transporter.
 14512 | Gauntlet | Found a transporter.
 14513 | Gauntlet | Found a transporter.
 14517 | Gauntlet | Found a runed translucent door.
 14517 | Gauntlet | Found a runed translucent door.
 14521 | Gauntlet | Found a transporter.
 14524 | Gauntlet | Found a transporter.
 14525 | Gauntlet | Found a transporter.
 14533 | Gauntlet | Found the amulet of Vitality {RegenMP++ Regen++}
 14538 | Gauntlet | Found a transporter.
 14737 | Gauntlet | Received a gift from Okawaru
 14802 | Gauntlet | Identified the +0 pair of gloves "Oddokk" {Rampage rPois
                  | rC- rCorr}
 14835 | Gauntlet | Identified the ring of Jaxuod {rCorr Str+6}
 14946 | Gauntlet | Noticed a minotaur
 14954 | Gauntlet | Killed a minotaur
 15478 | Lair:5   | Entered Level 5 of the Lair of Beasts
 15558 | Lair:5   | Received a gift from Okawaru
 15639 | Lair:5   | Reached XP level 14. HP: 79/113 MP: 17/17
 15828 | Lair:5   | Received a gift from Okawaru
 16125 | Lair:5   | Got the Almanac of the Xenotype and the Oath
 16145 | Lair:5   | Received a gift from Okawaru
 16322 | Lair:5   | Found a viscous altar of Jiyva.
 16322 | Lair:5   | Found a staircase to the Slime Pits.
 16346 | Lair:5   | Reached skill level 15 in Shields
 17257 | D:6      | Found a runed translucent door.
 17258 | D:6      | Noticed Crazy Yiuf
 17527 | D:4      | Killed Sigmund
 17682 | D:4      | Noticed Eustachio
 17691 | D:4      | Killed Eustachio
 17901 | D:2      | Killed Jessica
 18289 | D:11     | Reached skill level 1 in Armour
 18324 | D:11     | Identified the +12 battleaxe of Benevolence {heavy, Int+4
                  | Dex+5}
 18753 | D:11     | Found a staircase to the Orcish Mines.
 18899 | D:11     | Noticed Snorg
 18911 | D:11     | Killed Snorg
 19043 | D:12     | Noticed Nessos
 19052 | D:12     | Killed Nessos
 19053 | D:12     | Reached XP level 15. HP: 118/118 MP: 18/18
 19090 | D:12     | Noticed Kirke
 19106 | D:12     | Killed Kirke
 19106 | D:12     | Received a gift from Okawaru
 19166 | D:12     | Acquired a manual of Ice Magic
 19642 | Orc:1    | Entered Level 1 of the Orcish Mines
 19674 | Orc:2    | Entered Level 2 of the Orcish Mines
 19674 | Orc:2    | Found a staircase to the Elven Halls.
 19677 | Orc:2    | Found Ryfoaz's Magic Scroll Emporium.
 19711 | Orc:2    | Found Feiveklu's Antique Armour Shop.
 20162 | Orc:2    | Found Opreodoc's Distillery.
 20215 | Orc:2    | Reached skill level 5 in Dodging
 20344 | Orc:2    | Reached skill level 5 in Armour
 20641 | Orc:2    | Received a gift from Okawaru
 20689 | Orc:2    | Found Xym Geho's Magic Scroll Boutique.
 20689 | Orc:2    | Found Kuaxenn's Jewellery Boutique.
 20690 | Orc:2    | Found Xeroo's Distillery.
 20694 | Orc:2    | Found Wastrirph's Assorted Antiques.
 20700 | Orc:2    | Bought a shimmering silver ring for 115 gold pieces
 20700 | Orc:2    | Identified the ring of Dim Light {rN+ Dex+6} (You bought it
                  | in a shop on level 2 of the Orcish Mines)
 20876 | Orc:2    | Found Xuitesipp's Antique Weapon Emporium.
 20883 | Orc:2    | Found Neojobb's Jewellery Boutique.
 21431 | Snake:1  | Entered Level 1 of the Snake Pit
 21483 | Swamp:1  | Entered Level 1 of the Swamp
 21578 | Swamp:1  | Noticed a ghoul
 21590 | Swamp:1  | Killed a ghoul
 21590 | Swamp:1  | Noticed a ghoul
 21612 | Swamp:1  | Killed a ghoul
 21627 | Swamp:1  | You fall into a shaft and drop 1 floor!
 21919 | Arena    | Entered the Arena
 22085 | Swamp:1  | Reached XP level 16. HP: 128/128 MP: 19/19
 22255 | Swamp:2  | Noticed a thorn hunter
 22263 | Swamp:1  | Received a gift from Okawaru
 22278 | Swamp:2  | Reached skill level 10 in Throwing
 22282 | Swamp:2  | Killed a thorn hunter
 22719 | Arena    | Entered the Arena
 23151 | Swamp:3  | Received a gift from Okawaru
 23375 | Swamp:3  | Acquired a ring of willpower
 23691 | Swamp:4  | Entered Level 4 of the Swamp
 23881 | Arena    | Entered the Arena
 24055 | Swamp:4  | Reached skill level 10 in Fighting
 24125 | Arena    | Entered the Arena
 24859 | Swamp:4  | Reached XP level 17. HP: 128/140 MP: 17/23
 24894 | Swamp:4  | Got a decaying rune of Zot
 25524 | Snake:1  | Reached skill level 10 in Invocations
 25550 | Snake:1  | Identified the ring of Compassion {rElec rF+ rN+ Will+}
 26126 | Snake:1  | Reached skill level 10 in Armour
 26949 | Snake:3  | Received a gift from Okawaru
 27707 | Snake:4  | Entered Level 4 of the Snake Pit
 27877 | Snake:4  | Received a gift from Okawaru
 28164 | Arena    | Entered the Arena
 28255 | Snake:4  | Reached XP level 18. HP: 136/147 MP: 24/26
 28361 | Snake:4  | Reached skill level 15 in Axes
 28405 | Snake:4  | Identified the +2 spear of Eternity {heavy, Stlth+}
 28759 | Snake:4  | Received a gift from Okawaru
 28794 | Snake:4  | Got a serpentine rune of Zot
 29255 | D:13     | Found a frozen archway.
 29272 | IceCv    | Entered an ice cave
 29544 | IceCv    | Identified the +4 orcbow "Seh Boameat" {heavy, rPois}
 29814 | D:13     | Found a gate to the Vaults.
 30076 | D:13     | Received a gift from Okawaru
 30501 | D:14     | Noticed Louise
 30514 | D:14     | Killed Louise
 30514 | D:14     | Received a gift from Okawaru
 30829 | D:14     | Reached XP level 19. HP: 148/155 MP: 27/27
 31032 | D:15     | Entered Level 15 of the Dungeon
 31095 | D:15     | Found a staircase to the Depths.
 31148 | D:15     | Received a gift from Okawaru
 31319 | D:15     | Found Otuyheli's Armour Shop.
 31801 | D:15     | Identified the +1 robe "Dueg" {-Tele rF+ rCorr}
 32095 | Elf:1    | Entered Level 1 of the Elven Halls
 32112 | Elf:1    | Reached skill level 1 in Evocations
 32235 | Elf:1    | Paralysed by an air elemental for 1 turns
 32606 | Elf:1    | Paralysed by an air elemental for 1 turns
 32614 | Elf:1    | Paralysed by an air elemental for 1 turns
 32619 | Elf:1    | Paralysed by an air elemental for 1 turns
 32625 | Elf:1    | Paralysed by an air elemental for 1 turns
 32991 | Elf:2    | Identified the +0 robe "Luah" {Regen+}
 33116 | Elf:2    | Paralysed by an air elemental for 1 turns
 33119 | Elf:2    | Received a gift from Okawaru
 33227 | Elf:2    | Found a runed translucent gate.
 33228 | Elf:2    | Found a runed translucent gate.
 33228 | Elf:2    | Found a runed translucent gate.
 33328 | Elf:2    | Paralysed by an air elemental for 1 turns
 34060 | Elf:2    | Received a gift from Okawaru
 34127 | Elf:3    | Entered Level 3 of the Elven Halls
 34135 | Elf:3    | Reached XP level 20. HP: 168/168 MP: 28/28
 34323 | Elf:3    | Received a gift from Okawaru
 34788 | Elf:3    | Identified the ring of the Cursing Priest {Contam Str+5
                  | Dex+3 SInv}
 34863 | Elf:3    | Identified the +7 war axe of Untimely Demise {flame, Fly
                  | rF+ Str+7 SInv}
 34945 | Elf:3    | Reached skill level 15 in Throwing
 35117 | Elf:3    | Identified the staff of Malaise {*Slow rElec rN+ Dex+5 Air}
 35130 | Elf:3    | Identified the +6 giant spiked club of Karma {venom, Str+3}
 35144 | Elf:3    | Got the Opusculum on the Unified Pyre
 35372 | Orc:2    | Bought a crude chain mail for 228 gold pieces
 35372 | Orc:2    | Identified the +7 chain mail "Kuhalein" {*Corrode rC+ Will+
                  | Int+8} (You bought it in a shop on level 2 of the Orcish
                  | Mines)
 35637 | Vaults:1 | Entered Level 1 of the Vaults
 35715 | Vaults:1 | Paralysed by a sphinx for 2 turns
 35847 | Vaults:1 | Noticed Zenata
 35883 | Vaults:1 | Killed Zenata
 35930 | Vaults:1 | Received a gift from Okawaru
 37042 | Vaults:2 | Reached skill level 1 in Translocations
 37323 | Vaults:2 | Reached XP level 21. HP: 167/179 MP: 29/29
 37388 | Vaults:2 | Received a gift from Okawaru
 37556 | Vaults:2 | Reached skill level 5 in Translocations
 37815 | Vaults:2 | Received a gift from Okawaru
 37946 | Vaults:2 | Learned a level 2 spell: Lesser Beckoning
 38332 | Vaults:3 | Reached skill level 15 in Fighting
 38403 | Vaults:3 | Found Kenumeaf's Book Boutique.
 38544 | Vaults:3 | Found a transporter.
 38545 | Vaults:3 | Found a shimmering blue altar of Sif Muna.
 38801 | Vaults:3 | Learned a level 4 spell: Manifold Assault
 38957 | Vaults:3 | Reached XP level 22. HP: 194/194 MP: 30/30
 39124 | Vaults:3 | Reached ****** piety under Okawaru
 39207 | Vaults:3 | Acquired the +1 hat "Muconou" {rF+ rN+}
 39207 | Vaults:3 | Received a gift from Okawaru
 39228 | Vaults:3 | Found a staircase to the Crypt.
 39359 | Vaults:3 | Acquired the +12 broad axe of the Wolf {flame, rPois Will+
                  | Stlth+}
 39359 | Vaults:3 | Received a gift from Okawaru
 39396 | Vaults:3 | Received a gift from Okawaru
 39891 | Vaults:3 | Found a transporter.
 40290 | Vaults:4 | Reached XP level 23. HP: 204/204 MP: 31/31
 40581 | Vaults:4 | Noticed Xtahua
 40589 | Vaults:4 | Killed Xtahua
 40589 | Vaults:4 | Received a gift from Okawaru
 41005 | Vaults:4 | Identified the +10 sling "Duluh" {antimagic, rF+}
 41729 | Depths:1 | Entered Level 1 of the Depths
 42107 | Depths:1 | Found a gateway to Hell.
 42127 | Depths:1 | Identified the +4 falchion of Recklessness {spect, Contam
                  | rF+ rN+ Dex+2}
 42154 | Depths:1 | Found a one-way gate leading to the halls of Pandemonium.
 42314 | Depths:1 | Received a gift from Okawaru
 42329 | Depths:1 | Reached skill level 15 in Invocations
 42335 | Depths:1 | Found Puhodimi's Jewellery Emporium.
 42337 | Depths:1 | Found Bueddooh's Book Boutique.
 42339 | Depths:1 | Found Xics's Jewellery Emporium.
 42353 | Depths:1 | Bought the ring of the Twisting Gods {rElec rC- Str+6
                  | Slay+3} for 722 gold pieces
 42362 | Depths:1 | Bought the ring "Wiujetz" {Will++ Str+6 Int+2} for 1101
                  | gold pieces
 42694 | Depths:2 | Found a one-way gateway to a ziggurat.
 43139 | Depths:2 | Found a runed translucent door.
 43143 | Depths:2 | Noticed Lapib's ghost (veteran MfIE)
 43161 | Depths:2 | Received a gift from Okawaru
 43183 | Depths:2 | Killed Lapib's ghost
 43213 | Depths:2 | Reached skill level 10 in Translocations
 43614 | Depths:2 | Identified the +1 cloak of Action {rPois MP+9 Str-2 Stlth+}
 43675 | Depths:3 | Acquired the Reference Book on the Snowflakes
 43755 | Depths:3 | Reached XP level 24. HP: 184/216 MP: 33/33
 43902 | Depths:3 | Received a gift from Okawaru
 43903 | Depths:3 | Identified the amulet of Virtue {RegenMP rCorr}
 43925 | Depths:3 | Reached skill level 10 in Ice Magic
 44001 | Depths:3 | Reached skill level 15 in Armour
 44001 | Depths:3 | Reached XP level 25. HP: 224/224 MP: 33/33
 44241 | Arena    | Entered the Arena
 44266 | Depths:3 | Noticed a juggernaut
 44267 | Arena    | Entered the Arena
 44303 | Depths:3 | Killed a juggernaut
 44432 | Depths:3 | Acquired 855 gold pieces
 44608 | Depths:3 | Identified the +5 chain mail of Viudeschog {*Corrode rPois
                  | Str+2}
 44676 | Depths:3 | Noticed Norris
 44695 | Depths:3 | Killed Norris
 44950 | Depths:3 | Found a corrupted altar of Lugonu.
 44955 | Depths:3 | Found a one-way gate to the infinite horrors of the Abyss.
 45101 | Depths:4 | Entered Level 4 of the Depths
 45102 | Depths:4 | Found an ornate altar of the Wu Jian Council.
 45120 | Depths:4 | Received a gift from Okawaru
 45121 | Depths:4 | Reached skill level 15 in Ice Magic
 45176 | Depths:4 | Identified the ring of Dupnir {Ice Int+3}
 45176 | Depths:4 | Noticed Josephina
 45303 | Depths:4 | Killed Josephina
 45882 | Depths:4 | Noticed Sojobo
 45905 | Depths:4 | Killed Sojobo
 45917 | Depths:4 | Found a gate to the Realm of Zot.
 45964 | Depths:4 | Received a gift from Okawaru
 46405 | Slime:1  | Entered Level 1 of the Pits of Slime
 46460 | Slime:1  | Reached XP level 26. HP: 232/232 MP: 33/33
 46470 | Slime:1  | Learned a level 7 spell: Ozocubu's Refrigeration
 47975 | Slime:5  | Entered Level 5 of the Pits of Slime
 48022 | Slime:5  | Received a gift from Okawaru
 48377 | Slime:5  | Noticed the Royal Jelly
 48420 | Slime:5  | Found a viscous altar of Jiyva.
 48570 | Slime:5  | Killed the Royal Jelly
 48646 | Slime:5  | Found the +7 hand cannon "Mule" {flame, backblast, rF+}
 48680 | Slime:5  | Identified the amulet of Ryboiwyn {Reflect Dex+4 SH+5}
 48719 | Slime:5  | Identified the staff "Tusefo" {rElec rPois Will+ Str+2 Air}
 48720 | Slime:5  | Identified the +9 long sword of Juevayni {venom, Fly Str+3}
 48724 | Slime:5  | Got a slimy rune of Zot
 48737 | Slime:5  | Identified the amulet of Wefa Rym {Faith rN+++ Will- rCorr
                  | MP-9}
 48755 | Slime:5  | Identified the +0 chain mail of the Five Beggars {rPois}
 48917 | Slime:5  | Learned a level 9 spell: Polar Vortex
 49402 | Vaults:5 | Entered Level 5 of the Vaults
 49427 | Vaults:5 | Received a gift from Okawaru
 49464 | Vaults:5 | Acquired the +1 pair of boots "Yzeen" {rElec Str+6 Dex-4}
 49491 | Vaults:5 | Identified the +1 robe of Circular Logic {Fly rF- Dex+3}
 49534 | Vaults:5 | Identified the +10 great mace of the Sun {heavy, rElec
                  | rPois rN+ Int+3}
 49641 | Vaults:5 | Identified the +6 scale mail of Stoicism {rF+}
 49726 | Arena    | Entered the Arena
 49988 | Vaults:5 | Reached XP level 27. HP: 171/238 MP: 27/33
 50235 | Vaults:5 | Got a silver rune of Zot
 50236 | Vaults:5 | Identified the +1 leather armour "Earthly Heaven" {-Tele
                  | rN+ Str+4 Int+6}
 50427 | Vaults:5 | Found Corphill's General Store.
 50676 | Vaults:5 | Found the ring of Shadows {Umbra +Inv Stlth+}
 50697 | Vaults:5 | Identified the +0 cloak "Tuezxaewn" {Harm Int+2}
 50834 | Vaults:5 | Received a gift from Okawaru
 51156 | Zot:1    | Entered Level 1 of the Realm of Zot
 51186 | Hell     | Entered the Vestibule of Hell
 51186 | Hell     | Found a gateway to the Iron City of Dis.
 51341 | Hell     | Noticed Geryon
 51366 | Hell     | Killed Geryon
 51613 | Hell     | Found a gateway to the freezing wastes of Cocytus.
 51710 | Hell     | Found a gateway to the ashen valley of Gehenna.
 51813 | Hell     | Found a gateway to the decaying netherworld of Tartarus.
 52214 | D:10     | You paid a toll of the horn of Geryon to enter a treasure
                  | trove
 52215 | Trove    | Entered a treasure trove
 52237 | Trove    | Found the +2 shield of Resistance {rF++ rC++ Will++}
 52253 | Trove    | Identified the ring "Luxixtext" {+Blink rC+ rN+ Will+
                  | Int-3}
 52257 | Trove    | Identified the ring "Zampax" {rN+ Str-3 Dex+6 SInv}
 52269 | Trove    | Identified the amulet "Benur" {Reflect rF+ Int+2 Dex+2
                  | SH+5}
 52551 | Depths:4 | Learned a level 3 spell: Swiftness
 52766 | Zot:1    | Reached skill level 1 in Air Magic
 53345 | Zot:1    | Received a gift from Okawaru
 53776 | Zot:1    | Learned a level 4 spell: Vhi's Electric Charge
 53959 | Zot:2    | Reached skill level 5 in Air Magic
 53969 | Arena    | Entered the Arena
 54124 | Zot:2    | Reached skill level 5 in Spellcasting
 54570 | Zot:2    | Found a stormy altar of Qazlal.
 54699 | Zot:2    | Found a runed translucent gate.
 54699 | Zot:2    | Found a runed translucent gate.
 54699 | Zot:2    | Found a runed translucent gate.
 54703 | Zot:2    | Noticed Tinttamiau's ghost (legendary FoHu)
 54703 | Zot:2    | Noticed topfpfpflanze's ghost (master OpCj)
 55479 | Zot:3    | Received a gift from Okawaru
 55506 | Arena    | Entered the Arena
 55613 | Zot:3    | Found an opulent altar of Gozag.
 55614 | Zot:3    | Found a runed translucent gate.
 55614 | Zot:3    | Found a runed translucent gate.
 55614 | Zot:3    | Found a runed translucent gate.
 55614 | Zot:3    | Noticed Anuegiwi's ghost (veteran AtFi)
 55877 | Zot:3    | Identified the ring "Anom" {Will+ Str+4 SInv}
 56072 | Zot:3    | Got the Handbook of Unspeakable Words and Transmigration
 56138 | Zot:3    | Found Ofiul's Assorted Antiques.
 56457 | Zot:3    | Reached skill level 10 in Spellcasting
 56965 | Zot:3    | Noticed an orb of fire
 56982 | Zot:3    | Killed an orb of fire
 57793 | Zot:5    | Entered Level 5 of the Realm of Zot
 57903 | Zot:5    | Noticed an orb of fire
 57914 | Zot:5    | Noticed an ancient lich
 57918 | Zot:5    | Noticed a dread lich
 58324 | Zot:4    | Learned a level 2 spell: Passwall
 58765 | Temple   | Fell from the grace of Okawaru
 58765 | Temple   | Became a worshipper of Uskayaw the Reveller
 59066 | Crypt:1  | Entered Level 1 of the Crypt
 59085 | Crypt:1  | Reached * piety under Uskayaw
 59092 | Crypt:1  | Reached ** piety under Uskayaw
 59093 | Crypt:1  | Reached *** piety under Uskayaw
 59094 | Crypt:1  | Reached **** piety under Uskayaw
 59096 | Crypt:1  | Reached ***** piety under Uskayaw
 59108 | Crypt:1  | Reached ****** piety under Uskayaw
 61204 | Crypt:2  | Reached skill level 15 in Spellcasting
 61659 | Crypt:3  | Entered Level 3 of the Crypt
 61722 | Crypt:3  | Noticed Jory
 61727 | Crypt:3  | Killed Jory
 62078 | Crypt:3  | Identified the ring "Asaumm" {rPois rF+ rN++ Dex-5}
 62779 | Crypt:3  | Found a staircase to the Tomb.
 62872 | Crypt:3  | Noticed a dread lich
 62883 | Crypt:3  | Killed a dread lich
 62892 | Crypt:3  | Noticed a dread lich
 62905 | Crypt:3  | Killed a dread lich
 62910 | Crypt:3  | Identified the +0 steam dragon scales of the Falcon {Str+2}
 62915 | Crypt:3  | Identified the +5 flail "Enetaneu" {holy, rN++ rCorr}
 62973 | Tomb:1   | Entered Level 1 of the Tomb of the Ancients
 63737 | Tomb:1   | Noticed a royal mummy
 63754 | Tomb:1   | Killed a royal mummy
 63928 | Tomb:1   | Noticed a royal mummy
 63940 | Tomb:1   | Killed a royal mummy
 63974 | Tomb:1   | Identified the +7 mace of the Loving Rattlesnake {holy,
                  | rC+++ Int-5 Dex+4 Stlth+}
 64386 | D:13     | Was forgiven by Okawaru
 64551 | Orc:2    | Bought a scroll of revelation for 112 gold pieces
 64551 | Orc:2    | Bought a scroll of immolation for 60 gold pieces
 64551 | Orc:2    | Bought a scroll of fog for 60 gold pieces
 64551 | Orc:2    | Bought a scroll of teleportation for 45 gold pieces
 64551 | Orc:2    | Bought a scroll of fear for 60 gold pieces
 64551 | Orc:2    | Bought a scroll of teleportation for 45 gold pieces
 64574 | Orc:2    | Bought a scroll of teleportation for 48 gold pieces
 64574 | Orc:2    | Bought a scroll of teleportation for 48 gold pieces
 64574 | Orc:2    | Bought a scroll of blinking for 120 gold pieces
 64595 | Orc:2    | Bought a potion of curing for 48 gold pieces
 64595 | Orc:2    | Bought a potion of cancellation for 128 gold pieces
 64595 | Orc:2    | Bought a potion of cancellation for 128 gold pieces
 64595 | Orc:2    | Bought a potion of haste for 160 gold pieces
 64595 | Orc:2    | Bought a potion of heal wounds for 80 gold pieces
 64595 | Orc:2    | Bought a potion of heal wounds for 80 gold pieces
 64610 | Orc:2    | Bought a potion of curing for 51 gold pieces
 64610 | Orc:2    | Bought a potion of curing for 51 gold pieces
 64610 | Orc:2    | Bought a potion of curing for 51 gold pieces
 64610 | Orc:2    | Bought a potion of haste for 170 gold pieces
 64626 | Orc:2    | Bought a potion of heal wounds for 115 gold pieces
 64626 | Orc:2    | Bought a scroll of blinking for 172 gold pieces
 64626 | Orc:2    | Bought a potion of resistance for 230 gold pieces
 64626 | Orc:2    | Bought a scroll of revelation for 172 gold pieces
 64876 | D:3      | Bought a potion of magic for 96 gold pieces
 64876 | D:3      | Bought a potion of enlightenment for 60 gold pieces
 64876 | D:3      | Bought a potion of ambrosia for 96 gold pieces
 64876 | D:3      | Bought a potion of might for 48 gold pieces
 64876 | D:3      | Bought a potion of magic for 96 gold pieces
 65187 | Pan      | Entered Pandemonium
 65752 | Pan      | Noticed Cuhemyet the pandemonium lord
 65757 | Pan      | Killed Cuhemyet the pandemonium lord
 65793 | Pan      | Got a demonic rune of Zot
 66395 | Pan      | Noticed Duanuod the pandemonium lord
 66409 | Pan      | Killed Duanuod the pandemonium lord
 66678 | Pan      | Acquired a There-And-Back Book
 66940 | Pan      | Found an exit through the horrors of the Abyss.
 67180 | Pan      | Noticed Xusoot the pandemonium lord
 67188 | Pan      | Killed Xusoot the pandemonium lord
 67862 | Pan      | Learned a level 5 spell: Freezing Cloud
 67875 | Pan      | Entered the realm of Mnoleg.
 68306 | Pan      | Noticed Mnoleg
 68316 | Pan      | Killed Mnoleg
 68332 | Pan      | Got a glowing rune of Zot
 68987 | Pan      | Entered the realm of Cerebov.
 69085 | Pan      | Identified the +3 plate armour of Crawling {Rampage rC-
                  | Will+ Int+2}
 69153 | Pan      | Identified the ring of Ephemeral Luck {rF+ Str+6 Dex-3}
 69160 | Pan      | Identified the +7 trident "Fioczu" {protect, rC+ rN+}
 69161 | Pan      | Identified the +4 great sword "Ukiemn Memub" {vamp, Will+
                  | MP+9}
 69279 | Pan      | Noticed Ignacio
 69286 | Pan      | Killed Ignacio
 69441 | Pan      | Found an exit through the horrors of the Abyss.
 69811 | Pan      | Found the +6 sword of Cerebov {flame}
 69811 | Pan      | Noticed Cerebov
 69814 | Pan      | Killed Cerebov
 69956 | Pan      | Got the Collected Works on Sizzling Ill Luck
 69961 | Pan      | Identified the +7 plate armour of the Ladybird {Rampage
                  | Str+2}
 69963 | Pan      | Identified the staff of the Transmuting Viper {+Blink Fly
                  | rElec Int+5 Air}
 69967 | Pan      | Identified the +5 quarterstaff "Killer Klown's Regret"
                  | {flame, *Slow +Blink rCorr}
 70027 | Pan      | Got a fiery rune of Zot
 70045 | Pan      | Identified the +6 chain mail of Xodaj {Str+5}
 70182 | Depths:1 | Escaped Pandemonium
 70201 | Pan      | Entered the realm of Lom Lobon.
 70201 | Pan      | Entered Pandemonium
 70918 | Pan      | Noticed Lom Lobon
 70920 | Pan      | Killed Lom Lobon
 71008 | Pan      | Got a magical rune of Zot
 71353 | Pan      | Entered the realm of Gloorx Vloq.
 71363 | Pan      | Noticed Gloorx Vloq
 71365 | Pan      | Killed Gloorx Vloq
 71427 | Pan      | Got a dark rune of Zot
 71771 | Pan      | Found an exit through the horrors of the Abyss.
 71900 | Pan      | Learned a level 6 spell: Dispersal
 72310 | Pan      | Took an exit into the Abyss.
 72310 | Abyss:1  | Escaped into the Abyss
 72582 | Abyss:2  | Found a corrupted altar of Lugonu.
 73016 | Abyss:4  | Found a broken altar of Ashenzari.
 73062 | Abyss:4  | Got an abyssal rune of Zot
 73211 | Depths:1 | Escaped the Abyss
 73232 | Depths:1 | Learned a level 4 spell: Dimensional Bullseye
 73294 | Geh:1    | Entered Level 1 of Gehenna
 74349 | Geh:4    | You fall into a shaft and drop 1 floor!
 74503 | Geh:5    | Reached skill level 15 in Translocations
 74752 | Geh:6    | Noticed a dread lich
 74795 | Geh:6    | Killed a dread lich
 74796 | Geh:6    | Reached skill level 5 in Evocations
 75106 | Geh:7    | Entered Level 7 of Gehenna
 76550 | Geh:7    | Found the +13 sceptre of Asmodeus
 76550 | Geh:7    | Noticed Asmodeus
 76560 | Geh:7    | Killed Asmodeus
 76619 | Geh:7    | Got an obsidian rune of Zot
 77541 | Coc:1    | Entered Level 1 of Cocytus
 77834 | Coc:2    | Lost dexterity.
 77852 | Coc:2    | Noticed an ancient lich
 78085 | Pan      | Entered Pandemonium
 78458 | Pan      | Noticed Ylipair the pandemonium lord
 78468 | Pan      | Killed Ylipair the pandemonium lord
 79223 | Pan      | Noticed Jonwusob the pandemonium lord
 79226 | Pan      | Found a runed translucent door.
 79510 | Pan      | Noticed Hidaf the pandemonium lord
 79520 | Pan      | Killed Hidaf the pandemonium lord
 79586 | Pan      | Found an exit through the horrors of the Abyss.
 80144 | Pan      | Took an exit into the Abyss.
 80144 | Abyss:4  | Escaped into the Abyss
 80144 | Abyss:4  | Found a corrupted altar of Lugonu.
 80217 | Depths:2 | Escaped the Abyss
 80726 | Coc:2    | Killed an ancient lich
 80822 | Coc:2    | Noticed an ancient lich
 80833 | Coc:2    | Killed an ancient lich
 81013 | Coc:3    | Reached skill level 10 in Evocations
 82336 | Coc:7    | Entered Level 7 of Cocytus
 82354 | Coc:7    | Paralysed by a wendigo for 1 turns
 82373 | Coc:7    | Reached skill level 10 in Dodging
 82607 | Coc:7    | Paralysed by a wendigo for 1 turns
 83533 | Coc:7    | Paralysed by a wendigo for 1 turns
 83724 | Coc:7    | Paralysed by a wendigo for 1 turns
 83946 | Coc:7    | Identified the +8 whip "Etot" {flame, rElec}
 83946 | Coc:7    | Noticed Antaeus
 83952 | Coc:7    | Killed Antaeus
 84056 | Coc:7    | Got an icy rune of Zot
 84100 | Coc:7    | Learned a level 1 spell: Apportation
 84643 | Tar:1    | Entered Level 1 of Tartarus
 84693 | Tar:1    | You fall into a shaft and drop 1 floor!
 85160 | Tar:4    | Noticed an ancient lich
 85164 | Tar:4    | Killed an ancient lich
 86081 | Tar:7    | Entered Level 7 of Tartarus
 86312 | Tar:7    | Reached skill level 15 in Evocations
 86572 | Tar:7    | Identified the +6 great sword of World Downfall {flame,
                  | *Slow +Blink Str+3}
 86595 | Tar:7    | Identified the +3 scale mail of Parlour Games {Dex+2}
 86599 | Tar:7    | Noticed a dread lich
 86613 | Tar:7    | Killed a dread lich
 86870 | Tar:7    | Noticed a dread lich
 86874 | Tar:7    | Killed a dread lich
 86935 | Tar:7    | Noticed an ancient lich
 86967 | Tar:7    | Killed an ancient lich
 87011 | Tar:7    | Identified the +7 plate armour of Ytofihaf {rC+ SInv}
 87014 | Tar:7    | Identified the +0 ring mail of Fabulous Miracles {rElec
                  | Dex+4}
 87264 | Tar:7    | Noticed a dread lich
 87271 | Tar:7    | Killed a dread lich
 87307 | Tar:7    | Noticed Ereshkigal
 87358 | Tar:7    | Killed Ereshkigal
 87757 | Tar:7    | Got a bone rune of Zot
 87890 | Dis:1    | Entered Level 1 of the Iron City of Dis
 88893 | Dis:2    | Learned a level 5 spell: Borgnjor's Vile Clutch
 88894 | Dis:3    | Noticed an ancient lich
 88894 | Dis:3    | Noticed an ancient lich
 88894 | Dis:3    | Noticed a dread lich
 88894 | Dis:3    | Noticed an ancient lich
 88906 | Dis:3    | Killed an ancient lich
 88907 | Dis:3    | Reached skill level 1 in Earth Magic
 88918 | Dis:3    | Killed a dread lich
 88919 | Dis:3    | Reached skill level 1 in Necromancy
 88919 | Dis:3    | Killed an ancient lich
 88925 | Dis:3    | Killed an ancient lich
 88946 | Dis:3    | Noticed an ancient lich
 88954 | Dis:3    | Killed an ancient lich
 89105 | Dis:3    | Reached skill level 5 in Earth Magic
 89618 | Dis:4    | Learned a level 5 spell: Lee's Rapid Deconstruction
 89676 | Dis:5    | Noticed an ancient lich
 89684 | Dis:5    | Killed an ancient lich
 90000 | Dis:6    | Reached skill level 5 in Necromancy
 90316 | Dis:7    | Entered Level 7 of the Iron City of Dis
 90494 | Dis:7    | Learned a level 4 spell: Dispel Undead
 90758 | Dis:7    | Noticed the Serpent of Hell
 90783 | Dis:7    | Reached skill level 10 in Earth Magic
 91407 | Dis:7    | Noticed a juggernaut
 91418 | Dis:7    | Killed a juggernaut
 91722 | Dis:7    | Noticed a juggernaut
 91729 | Dis:7    | Killed a juggernaut
 91961 | Dis:7    | Noticed a juggernaut
 92144 | Dis:7    | Killed the Serpent of Hell
 92560 | Dis:7    | Identified the +4 demon blade of Nightmares {freeze, +Blink
                  | Str+8}
 92563 | Dis:7    | Identified the ring of Bublittuar {Fly rC+}
 92668 | Dis:7    | Killed a juggernaut
 93306 | Dis:7    | Noticed Dispater
 93339 | Dis:7    | Killed Dispater
 93415 | Dis:7    | Identified the staff of Bloody Death {rF+ SInv Fire}
 93425 | Dis:7    | Got an iron rune of Zot
 94166 | Tomb:1   | Noticed a royal mummy
 94166 | Tomb:1   | Noticed a royal mummy
 94166 | Tomb:1   | Noticed a royal mummy
 94302 | Tomb:2   | Noticed a royal mummy
 94308 | Tomb:2   | Noticed a royal mummy
 94308 | Tomb:2   | Noticed a royal mummy
 94308 | Tomb:2   | Noticed a royal mummy
 94310 | Tomb:2   | Killed a royal mummy
 94325 | Tomb:2   | Killed a royal mummy
 94325 | Tomb:2   | Killed a royal mummy
 94329 | Tomb:2   | Killed a royal mummy
 94708 | Tomb:1   | Noticed a royal mummy
 94708 | Tomb:1   | Noticed a royal mummy
 94708 | Tomb:1   | Noticed a royal mummy
 94711 | Tomb:1   | Noticed a royal mummy
 94711 | Tomb:1   | Noticed a royal mummy
 94711 | Tomb:1   | Noticed a royal mummy
 94712 | Tomb:1   | Noticed a royal mummy
 94714 | Tomb:1   | Killed a royal mummy
 94714 | Tomb:1   | Killed a royal mummy
 94715 | Tomb:1   | Killed a royal mummy
 94725 | Tomb:1   | Killed a royal mummy
 94727 | Tomb:1   | Killed a royal mummy
 94731 | Tomb:1   | Killed a royal mummy
 94734 | Tomb:1   | Killed a royal mummy
 94761 | Tomb:1   | Noticed a royal mummy
 94771 | Tomb:1   | Killed a royal mummy
 94890 | Tomb:1   | Noticed a royal mummy
 94898 | Tomb:1   | Killed a royal mummy
 94902 | Tomb:1   | Noticed a royal mummy
 94913 | Tomb:1   | Killed a royal mummy
 94914 | Tomb:1   | Killed a royal mummy
 94918 | Tomb:1   | Killed a royal mummy
 94924 | Tomb:1   | Noticed a royal mummy
 94933 | Tomb:1   | Killed a royal mummy
 94963 | Tomb:1   | Noticed a royal mummy
 94972 | Tomb:1   | Killed a royal mummy
 94980 | Tomb:1   | Noticed a royal mummy
 94992 | Tomb:1   | Killed a royal mummy
 95056 | Tomb:1   | Noticed a royal mummy
 95067 | Tomb:1   | Killed a royal mummy
 95094 | Tomb:1   | Noticed a royal mummy
 95100 | Tomb:1   | Noticed a royal mummy
 95102 | Tomb:1   | Killed a royal mummy
 95108 | Tomb:1   | Killed a royal mummy
 95122 | Tomb:1   | Killed a royal mummy
 95707 | Tomb:3   | Entered Level 3 of the Tomb of the Ancients
 95770 | Tomb:3   | Noticed Khufu
 95781 | Tomb:3   | Killed Khufu
 95819 | Tomb:3   | Noticed a royal mummy
 95821 | Tomb:3   | Noticed a royal mummy
 95826 | Tomb:3   | Killed a royal mummy
 95826 | Tomb:3   | Noticed a royal mummy
 95827 | Tomb:3   | Killed a royal mummy
 95836 | Tomb:3   | Killed a royal mummy
 95840 | Tomb:3   | Noticed a royal mummy
 95844 | Tomb:3   | Noticed a royal mummy
 95851 | Tomb:3   | Noticed a royal mummy
 95859 | Tomb:3   | Killed a royal mummy
 95862 | Tomb:3   | Killed a royal mummy
 95869 | Tomb:3   | Killed a royal mummy
 95882 | Tomb:3   | Noticed a royal mummy
 95892 | Tomb:3   | Killed a royal mummy
 95954 | Tomb:3   | Noticed a royal mummy
 95963 | Tomb:3   | Killed a royal mummy
 96069 | Tomb:3   | Identified the staff of Charmed Duty {Contam rC+ rCorr
                  | Str+8 Ice}
 96071 | Tomb:3   | Identified the +7 scale mail of Yredelemnul's Esteem
                  | {Will+}
 96209 | Tomb:3   | Got a golden rune of Zot
 97246 | Zot:5    | Noticed a dread lich
 97254 | Zot:5    | Killed a dread lich
 97565 | Zot:5    | Killed an orb of fire
 97761 | Zot:5    | Noticed an ancient lich
 97767 | Zot:5    | Noticed an orb of fire
 97770 | Zot:5    | Killed an ancient lich
 97779 | Zot:5    | Killed an orb of fire
 97805 | Zot:5    | Killed an ancient lich
 97840 | Zot:5    | Noticed an ancient lich
 97846 | Zot:5    | Noticed an orb of fire
 97849 | Zot:5    | Killed an ancient lich
 97856 | Zot:5    | Killed an orb of fire
 97989 | Zot:5    | Noticed an orb of fire
 97990 | Zot:5    | Killed an orb of fire
 97996 | Zot:5    | Killed a dread lich
 98820 | Zot:5    | Got the Orb of Zot
 99437 | D:9      | Noticed Loagyonn the pandemonium lord
 99445 | D:9      | Killed Loagyonn the pandemonium lord
 99677 | D:1      | Noticed Dofestriot the pandemonium lord
 99700 | D:1      | Killed Dofestriot the pandemonium lord
 99716 | D:$      | Escaped with the Orb!

Illustrated notes

Levels and vault maps discovered:
D:1:      lemuel_arrival_broad_hall, layout_basic, minmay_octomino_e4
D:2:      layout_loops_corners, basic_altar, uniq_jessica
D:3:      layout_loops_ring, serial_shops, shop, uniq_pargi
D:4:      layout_basic, okawaru_ov_weapons_minmay, minmay_increasing_density,
          uniq_ijyb, uniq_eustachio, uniq_sigmund
D:5:      layout_cave_pools, mainiacjoe_sewer_entry_somewhere_in_here_1
D:6:      layout_loops_corners, uniq_crazy_yiuf_cottage
D:7:      layout_rooms, minmay_temple_entry_statues_fountains, enter_ossuary_4,
          corner_web_ring, chequers_serial_rivers_marsh, nicolae_letterblocks
          [nicolae_letter_subblock, nicolae_letter_subblock,
          nicolae_letter_subblock, nicolae_letter_subblock,
          nicolae_letter_subblock, nicolae_letter_subblock,
          nicolae_letter_subblock, nicolae_letter_subblock,
          nicolae_letter_subblock, nicolae_letter_subblock,
          nicolae_letter_subblock, nicolae_letter_subblock,
          nicolae_letter_subblock, nicolae_letter_subblock,
          nicolae_letter_subblock, nicolae_letter_subblock,
          nicolae_letter_subblock, nicolae_letter_subblock,
          nicolae_letter_subblock, nicolae_letter_subblock,
          nicolae_letter_subblock, nicolae_letter_subblock,
          nicolae_letter_subblock, nicolae_letter_subblock,
          nicolae_letter_subblock]
D:8:      layout_basic, due_lair_maze_entry_diamond, enter_bailey_2,
          serial_co_window_serial, co_window_of_opportunity_a,
          co_window_paths_a, co_window_of_opportunity_a, co_window_paths_a,
          co_window_of_opportunity_a, co_window_broadway_c, co_window_paths_c,
          co_window_corner_b, co_window_2corner, co_window_paths_d,
          co_window_4corner_b, glass_columns_a, glass_columns_b,
          kennysheep_generic_room_12, uniq_psyche, uniq_gastronok, uniq_maurice
D:9:      layout_roguey, general_overflow_altar, serial_shops, shop,
          uniq_harold, uniq_maggie
D:10:     layout_long_grid, mainiacjoe_overflow_alcove_1, enter_trove_1
D:11:     layout_loops_ring, david_orc_1_choice, uniq_snorg
D:12:     layout_loops_ring, minmay_mirror_moons_of_madness, uniq_nessos,
          uniq_kirke
D:13:     layout_irregular_city, ximxim_vaults_locker_room, serial_ice,
          serial_ice_k, serial_ice_n, serial_ice_b, serial_ice_f,
          portal_ice_cave_entry_pillars_1
D:14:     layout_basic, lemuel_another_geyser, uniq_louise
D:15:     hangedman_depths_entry_civil_slaughter, layout_rooms,
          minmay_misc_feat_tiny, serial_shops, shop, evilmike_minifort
Temple:   hellmonk_temple_of_storms
Lair:1:   layout_roguey, serial_bayou_shore_b, serial_bayou_shore_a
Lair:2:   layout_long_grid, serial_rivers, chequers_serial_rivers_micro_a,
          chequers_serial_rivers_small_b, chequers_serial_rivers_large_b,
          chequers_serial_rivers_micro_e,
          hellmonk_guarded_unrand_seven_league_boots
Lair:3:   layout_long_grid, swamp_mist_pool, nicolae_snake_entry_squirm
Lair:4:   layout_small_grid, gauntlet_entry_generic, beast_lair_carwin_3
Lair:5:   gammafunk_lair_ancient_temple, layout_hall_layers,
          nicolae_slime_entry_slimehenge
Swamp:1:  layout_falls_marsh, evilmike_swamp_ruin_house_3
Swamp:2:  nicolae_swamp_wrong_neighborhood, layout_basic_swamp,
          nicolae_swamp_tree_designs, water_boxes_lemuel
Swamp:3:  layout_basic_swamp, nicolae_swamp_fairy_circle
Swamp:4:  swamp_icy, layout_basic_swamp, swamp_pool_4,
          nicolae_swamp_orc_logging_accident, nicolae_swamp_little_tower,
          nicolae_swamp_treefoil, nicolae_swamp_necromancer_hut,
          infiniplex_staircase_pool_2
Snake:1:  layout_basic
Snake:2:  layout_misc_corridors
Snake:3:  layout_honeycomb
Snake:4:  johnstein_snake_rune_scales, layout_cave_town
Slime:1:  layout_caves
Slime:2:  layout_caves
Slime:3:  layout_caves
Slime:4:  layout_caves
Slime:5:  slime_pit
Orc:1:    layout_diamond_mine
Orc:2:    st_orc_mages, layout_caves, serial_shops, shop, shop,
          nicolae_shop_window_shopping, nicolae_shop_crystal,
          nicolae_shop_statue_plus, nicolae_orc_stony_grotto
Elf:1:    minmay_elf_arrival_plus, layout_geoelf_octagon,
          kennysheep_underground_church
Elf:2:    nicolae_elf_blades_crystal_corner, layout_onion_city,
          item_on_display_a
Elf:3:    minmay_elf_hall_furrowed, layout_loops_ring
Vaults:1: ontoclasm_vaults_hangar, hangedman_vaults_stretched_pinwheel,
          nicolae_vaults_more_shelving_2, v_misc_31, nicolae_vaults_trapezoid_2,
          nicolae_vaults_mini_display_case, nicolae_vaults_storage_closets_1,
          v_misc_1, nicolae_vaults_house_1, grunt_vaults_diagonal,
          layout_vaults_omnigrid, uniq_zenata
Vaults:2: grunt_vaults_swirl, v_misc_2, v_misc_10, ontoclasm_vaults_eye,
          nicolae_vaults_asterisk, nicolae_vaults_windows_and_doors_thing,
          v_rooms_4, nicolae_vaults_tetromino_Z_2, vaults_room_hallway,
          layout_vaults_omnicross
Vaults:3: gammafunk_sealed_library, nicolae_vaults_tetromino_Z_1,
          nicolae_vaults_sealed_display, vaults_standard_mumra_x,
          nicolae_vaults_little_squares_2, nicolae_vaults_offset_grid_hallway_1,
          vaults_dpeg_ring, nicolae_vaults_frosty_reception,
          minmay_crypt_entry_nasty_monster, nicolae_vaults_cornered_office,
          nicolae_vaults_lightning_bolt, ontoclasm_vaults_decontamination,
          v_misc_2, layout_vaults_omnibox, serial_shops, shop
Vaults:4: v_pattern_4, nicolae_vaults_offset_grid_hallway_3,
          nicolae_vaults_apartment_1, nicolae_vaults_trapezoid_lopsided_1,
          hangedman_vaults_snaps, v_alt_pattern_2, nicolae_vaults_angled_halls,
          nicolae_vaults_security_offices_5, v_misc_3,
          vaults_standard_mumra_enter_the_diamond, hangedman_vaults_cutoff,
          layout_vaults_maze, uniq_xtahua
Vaults:5
Crypt:1:  layout_misc_corridors, grunt_ministairs_10, hex_medium,
          minmay_misc_feat_alley
Crypt:2:  layout_chaotic_city
Crypt:3:  david_glass_crypt, layout_chaotic_city, tomb_entry_shell_bobbens,
          uniq_jory
Tomb:1
Tomb:2
Tomb:3
Depths:1: layout_basic, lightli_too_deep, pan_entry,
          hangedman_abyss_or_decor_stagger, kennysheep_pointless_box,
          lightli_corner_chamber, grunt_megastairs_5, minmay_shop_grove
Depths:2: kennysheep_spiral_hall, layout_honeycomb, enter_ziggurat_f,
          hell_entry, serial_bayou_shore_b, rand_demon_pan_entry_7,
          muffindrake_ghost_dead_mans_drink
Depths:3: minmay_the_grid_square_5x5_4x4 [minmay_the_grid_square_5x5_checkered,
          minmay_the_grid_square_5x5_hourglass,
          minmay_the_grid_square_5x5_slash,
          minmay_the_grid_square_5x5_three_small,
          minmay_the_grid_square_5x5_intrusive_squares,
          minmay_the_grid_square_5x5_prize_itemx,
          minmay_the_grid_square_5x5_prize_deathbox,
          minmay_the_grid_square_5x5_tri_point,
          minmay_the_grid_square_5x5_bracketed,
          minmay_the_grid_square_5x5_prize_snowflake,
          minmay_the_grid_square_5x5_prize_waves,
          minmay_the_grid_square_5x5_three_walls,
          minmay_the_grid_square_5x5_eight,
          minmay_the_grid_square_5x5_eight_small,
          minmay_the_grid_square_5x5_moneybag,
          minmay_the_grid_square_5x5_gyroscope], layout_gridlike,
          abyss_entry_flame_altar, hell_entry, serial_library_hellmonk_h_bend,
          infiniplex_staircase_pool_lava, serial_bayou_shore_b, uniq_norris,
          uniq_parghit
Depths:4: grunt_zot_entry_pinwheel, layout_cave_pools, hell_entry,
          nicolae_wu_jian_wuxing_cycle, abyss_entry, uniq_sojobo, uniq_josephina
Hell
Dis:1:    layout_gridville, hangedman_dis_chains
Dis:2:    layout_jigsaw
Dis:3:    layout_subdivisions, nicolae_dis_liches_on_tour
Dis:4:    layout_regular_city, nicolae_dis_grated_feature
Dis:5:    layout_jigsaw
Dis:6:    layout_gridville
Dis:7:    dis_hangedman
Geh:1:    layout_gehenna_pools_basic, lemuel_hellion_isle
Geh:2:    layout_gehenna_pools_triple
Geh:3:    layout_gehenna_pools_box, nicolae_geh_lavax
Geh:4:    layout_gehenna_lava_caves
Geh:5:    layout_gehenna_lava_caves
Geh:6:    layout_gehenna_pools_box
Geh:7:    geh_hangedman
Coc:1:    layout_cocytus_water_paths
Coc:2:    layout_ice_bergs
Coc:3:    layout_ice_bergs
Coc:4:    layout_cocytus_water_paths
Coc:5:    layout_cocytus_water_paths
Coc:6:    nicolae_coc_through_the_icewall, layout_ice_bergs
Coc:7:    coc_grunt_cove [coc_grunt_cove_antaeus, coc_grunt_cove_fiend,
          coc_grunt_cove_fiend, coc_grunt_cove_fiend, coc_grunt_cove_fiend]
Tar:1:    layout_grid_maze
Tar:2:    layout_grid_maze, nicolae_tar_grid_combs
Tar:3:    layout_grid_maze
Tar:4:    layout_cathedral_of_symmetry
Tar:5:    layout_honeycomb
Tar:6:    layout_cathedral_of_symmetry
Tar:7:    tar_grunt_cathedral
Zot:1:    layout_concentric_octagons, grunt_ministairs_15
Zot:2:    layout_basic, gammafunk_ghost_cemetery,
          hangedman_zot_diagonal_lockstep, regret_index_zotdec_storm_pass
Zot:3:    regret_index_all_hallows'_manor, layout_cathedral_of_symmetry,
          ebering_ghost_gozag
Zot:4:    layout_gridlike, regret_index_zotdec_stipple_waver
Zot:5:    layout_gridlike

Skill      XL: |  1  2  3  4  5  6  7  8  9 10 11 12 13 14 15 16 17 18 19 20 21 22 23 24 25 26 27 |
---------------+----------------------------------------------------------------------------------+-----
Spellcasting   | 2 3 20 | 20.0
Fighting       | 1 3 4 7 8 10 12 13 15 16 18 26 | 26.0
Ice Magic      | 6 7 9 10 18 23 26 | 26.0
Throwing       | 2 4 5 7 9 11 13 16 | 16.0
Invocations    | 2 3 6 9 12 13 15 25 | 25.0
Dodging        | 2 3 5 13 | 13.8
Stealth        | 3 |  3.0
Shields        | 5 8 13 15 25 | 25.0
Axes           | 2 8 11 12 14 17 | 17.9
Armour         | 2 6 9 10 14 15 20 | 20.0
Evocations     | 4 18 | 18.0
Translocations | 2 7 9 10 12 15 | 15.0
Air Magic      | 6 |  6.0
Earth Magic    | 12 | 12.0
Necromancy     | 8 |  8.0
Maces & Flails | |  0.2

Action                     |  1- 3 |  4- 6 |  7- 9 | 10-12 | 13-15 | 16-18 | 19-21 | 22-24 | 25-27 || total
---------------------------+-------+-------+-------+-------+-------+-------+-------+-------+-------++-------
  Melee: Unarmed           |     5 |     5 |       |       |       |       |       |       |       ||    10
         Dagger            |       |   100 |   280 |       |       |       |       |       |       ||   380
         Punch             |       |     3 |     1 |       |       |       |       |       |       ||     4
         Flail             |       |       |    66 |       |       |       |       |       |       ||    66
         Hand axe          |       |       |    12 |    37 |       |       |       |       |       ||    49
         Broad axe         |       |       |       |   268 |   914 |  1310 |  1364 |   787 |  8800 || 13443
         War axe           |       |       |       |       |       |       |     1 |    10 |       ||    11
  Throw: Stone             |    20 |    22 |    29 |       |    41 |       |       |       |       ||   112
         Dart              |       |    15 |    45 |    27 |    38 |       |    12 |       |       ||   137
         Boomerang         |       |       |       |     4 |     2 |       |    35 |       |   324 ||   365
         Throwing net      |       |       |       |     1 |       |       |       |       |       ||     1
         Javelin           |       |       |       |     4 |    36 |    27 |    19 |       |   328 ||   414
   Cast: Freeze            |    77 |    31 |       |       |       |       |       |       |       ||   108
         Frozen Ramparts   |       |    15 |    61 |    48 |    23 |    18 |     5 |       |     9 ||   179
         Ozocubu's Armour  |       |     2 |     6 |     1 |       |       |       |       |       ||     9
         Manifold Assault  |       |       |       |       |       |       |       |       |  2082 ||  2082
         Ozocubu's Refrige |       |       |       |       |       |       |       |       |    17 ||    17
         Polar Vortex      |       |       |       |       |       |       |       |       |   240 ||   240
         Lee's Rapid Decon |       |       |       |       |       |       |       |       |    40 ||    40
         Lesser Beckoning  |       |       |       |       |       |       |       |       |    30 ||    30
         Vhi's Electric Ch |       |       |       |       |       |       |       |       |    17 ||    17
         Borgnjor's Vile C |       |       |       |       |       |       |       |       |    16 ||    16
         Freezing Cloud    |       |       |       |       |       |       |       |       |    10 ||    10
         Blink             |       |       |       |       |       |       |       |       |     9 ||     9
         Dispel Undead     |       |       |       |       |       |       |       |       |     5 ||     5
         Apportation       |       |       |       |       |       |       |       |       |     1 ||     1
         Dispersal         |       |       |       |       |       |       |       |       |     1 ||     1
 Invoke: Heroism           |       |       |     4 |     8 |    23 |    17 |    11 |     6 |    11 ||    80
         Finesse           |       |       |       |     3 |     4 |     9 |     7 |     4 |    10 ||    37
         Duel              |       |       |       |       |     1 |     4 |       |       |     5 ||    10
         Receive Weapon    |       |       |       |       |       |       |       |     1 |       ||     1
         Receive Armour    |       |       |       |       |       |       |       |     1 |       ||     1
         Grand Finale      |       |       |       |       |       |       |       |       |    26 ||    26
         Line Pass         |       |       |       |       |       |       |       |       |     1 ||     1
  Evoke: Wand              |       |     5 |     1 |     3 |     3 |    21 |     1 |     3 |    38 ||    75
         Lightning rod     |       |       |       |       |       |       |       |       |    15 ||    15
         Tin of tremorston |       |       |       |       |       |       |       |       |     9 ||     9
         Sack of spiders   |       |       |       |       |       |       |       |       |     4 ||     4
    Use: Scroll            |       |     6 |     4 |     5 |    14 |    11 |     6 |     2 |    45 ||    93
         Potion            |       |       |       |     2 |       |     1 |     2 |     4 |    75 ||    84
   Stab: Paralysed         |       |    12 |       |       |       |       |       |       |   383 ||   395
         Invisible         |       |       |       |       |       |       |       |       |     2 ||     2
         Distracted        |       |       |       |       |       |       |       |       |     1 ||     1
         Petrifying        |       |       |       |       |       |       |       |       |     1 ||     1
 Armour: Robe              |     7 |       |       |       |       |       |       |       |       ||     7
         Ring mail         |    34 |     7 |       |       |       |       |       |       |       ||    41
         Troll leather arm |       |    31 |    90 |       |       |       |       |       |       ||   121
         Chain mail        |       |    34 |   148 |   225 |   503 |   855 |   673 |   336 |  2841 ||  5615
  Dodge: Dodged            |    41 |    43 |   117 |   106 |   205 |   289 |   168 |    83 |   834 ||  1886
  Block: Buckler           |       |       |    64 |   103 |    15 |       |       |       |       ||   182
         Kite shield       |       |       |       |       |   595 |   701 |       |       |       ||  1296
         Tower shield      |       |       |       |       |       |   352 |  1456 |   740 |  5538 ||  8086
         Reflection        |       |       |       |       |       |     5 |    92 |    23 |   126 ||   246

Table legend: (Time is in decaauts)
 A = Elapsed time spent in this place.
 B = Non-inter-level travel time spent in this place.
 C = Inter-level travel time spent in this place.
 D = Time resting spent in this place.
 E = Time spent auto-exploring this place.
 F = Levels seen in this place.
 G = Mean time per level.
                   A        B        C        D        E       F      G
               +--------+--------+--------+--------+--------+-----+--------+
         Total |  97737 |  84772 |  12965 |   6590 |  48007 | 119 |  821.3 |
       Dungeon |  18779 |  13964 |   4815 |    771 |   7664 |  15 | 1251.9 |
        Temple |     21 |      4 |     17 |      0 |      0 |   1 |   21.0 |
          Lair |   5818 |   4960 |    858 |     62 |   3541 |   5 | 1163.6 |
         Swamp |   4116 |   3924 |    192 |    192 |   2468 |   4 | 1029.0 |
     Snake Pit |   3321 |   3109 |    212 |    101 |   2057 |   4 |  830.2 |
    Slime Pits |   2485 |   2233 |    252 |     82 |   1334 |   5 |  497.0 |
  Orcish Mines |   1842 |   1442 |    400 |      9 |   1045 |   2 |  921.0 |
   Elven Halls |   3247 |   2903 |    344 |     34 |   1925 |   3 | 1082.3 |
        Vaults |   7563 |   5856 |   1707 |     67 |   3956 |   5 | 1512.6 |
         Crypt |   3263 |   2889 |    374 |     54 |   1998 |   3 | 1087.7 |
          Tomb |   3573 |   3040 |    533 |    595 |    911 |   3 | 1191.0 |
        Depths |   5428 |   3992 |   1436 |    189 |   2509 |   4 | 1357.0 |
          Hell |   1126 |    867 |    259 |    127 |    375 |   1 | 1126.0 |
           Dis |   5477 |   5307 |    170 |   1576 |   1668 |   7 |  782.4 |
       Gehenna |   4041 |   3926 |    115 |    422 |   2298 |   7 |  577.3 |
       Cocytus |   4183 |   3930 |    253 |    709 |   1874 |   7 |  597.6 |
      Tartarus |   3006 |   2892 |    114 |    283 |   1268 |   7 |  429.4 |
           Zot |   8001 |   7092 |    909 |    711 |   4677 |   5 | 1600.2 |
         Abyss |    882 |    882 |      0 |      0 |    220 |   5 |  176.4 |
   Pandemonium |   8940 |   8940 |      0 |    443 |   5501 |  10 |  894.0 |
         Trove |     58 |     58 |      0 |      0 |     14 |   1 |   58.0 |
         Sewer |    394 |    394 |      0 |     10 |    105 |   1 |  394.0 |
       Ossuary |    501 |    501 |      0 |     44 |    219 |   1 |  501.0 |
        Bailey |    588 |    588 |      0 |     54 |    128 |   1 |  588.0 |
      Ice Cave |    396 |    396 |      0 |     17 |    151 |   1 |  396.0 |
      Gauntlet |    466 |    466 |      0 |      0 |     96 |   1 |  466.0 |
         Arena |    212 |    212 |      0 |     34 |      0 |  10 |   21.2 |
               +--------+--------+--------+--------+--------+-----+--------+

Top non-repeatable levels by time:
   Dis:7: 3194 daAuts
   Geh:7: 2310 daAuts
  Tomb:1: 2208 daAuts
   Coc:7: 2195 daAuts
Vaults:3: 2193 daAuts
   Zot:3: 2142 daAuts
     D:8: 1971 daAuts
   Zot:5: 1911 daAuts
Depths:3: 1772 daAuts
 Swamp:4: 1764 daAuts
     D:1: 1707 daAuts
   Zot:1: 1649 daAuts
   Tar:7: 1643 daAuts
Vaults:2: 1618 daAuts
    D:10: 1605 daAuts
